 Dungeon Crawl Stone Soup version 0.13.2 (webtiles) character file.

1539 Morbidden the Archer (level 8, -1/53 HPs)
             Began as a High Elf Hunter on Aug 6, 2020.
             Slain by a gnoll
             ... wielding a +1,+2 halberd
              (12 damage)
             ... on Level 6 of the Dungeon.
             The game lasted 00:22:02 (5011 turns).

Morbidden the Archer (High Elf Hunter)              Turns: 5011, Time: 00:22:02

HP  -1/53        AC  4     Str 11      XL: 8   Next: 21%
MP  21/21        EV 13     Int 15      God:
Gold 337         SH  0     Dex 16      Spells:  0 memorised,  7 levels left

Res.Fire  : . . .   See Invis. : .   b - +2,+1 elf bow
Res.Cold  : . . .   Warding    : .   d - +0 elf leather armour
Life Prot.: . . .   Conserve   : .   (no shield)
Res.Poison: .       Res.Corr.  : .   B - +0 cap
Res.Elec. : .       Clarity    : .   (no cloak)
Sust.Abil.: . .     Spirit.Shd : .   (no gloves)
Res.Mut.  : .       Stasis     : .   o - +0 pair of elf boots
Res.Rott. : .       Flight     : .   A - amulet of the gourmand
Gourmand  : +                        (no ring)
                                     r - ring of magical power

@: glowing, somewhat resistant to hostile enchantments, unstealthy
A: Str -2
a: no special abilities


You were on level 6 of the Dungeon.
You were completely stuffed.

You visited 2 branches of the dungeon, and saw 7 of its levels.

You collected 317 gold pieces.

Inventory:

Hand weapons
 a - a +0,+0 elven short sword
 b - a +2,+1 elven bow (weapon)
 D - a +0,+0 scimitar
Missiles
 c - 19 arrows (quivered)
 l - a silver dart
 G - 50 darts
 L - 5 javelins
Armour
 d - a +0 elven leather armour (worn)
 o - a +0 pair of elven boots (worn)
 B - a +0 cap (worn)
Magical devices
 y - a wand of teleportation (0)
 H - a wand of cold (11) {unknown}
Comestibles
 f - 4 bread rations
 j - 2 apples
 k - a beef jerky
 J - 2 chokos
 K - a chunk of orc flesh
Scrolls
 e - a scroll of enchant armour {unknown}
 g - 2 scrolls of recharging {unknown}
 h - a scroll of curse jewellery {unknown}
 n - 2 scrolls of identify
 s - 6 scrolls of teleportation {unknown}
 t - 4 scrolls of remove curse {unknown}
 x - a scroll of noise {unknown}
 z - a scroll of curse weapon {unknown}
Jewellery
 r - a ring of magical power (left hand)
 A - an amulet of the gourmand (around neck)
 I - an uncursed amulet of rage
Potions
 i - 4 potions of curing
 m - a potion of invisibility
 p - a potion of slowing {unknown}
 q - a potion of might {unknown}
 v - a potion of confusion {unknown}
 w - a potion of flight {unknown}
 C - a potion of mutation
 E - a potion of speed {unknown}
 F - a potion of experience {unknown}
Books
 u - a book of Cantrips

   Spells                             Type                      Level
   Confusing Touch                    Hexes                        1
   Animate Skeleton                   Necromancy                   1
   Summon Small Mammal                Summoning                    1
   Apportation                        Translocation                1


   Skills:
 * Level 4.3 Fighting
 + Level 3.1 Short Blades
 + Level 9.5 Bows
 + Level 2.4 Throwing
 + Level 2.2 Armour
 + Level 4.8 Dodging
 + Level 1.8 Stealth
 + Level 0.2 Evocations


You had 7 spell levels left.
You didn't know any spells.

Dungeon Overview and Level Annotations

Branches:
Dungeon (6/27)             Temple (1/1) D:5
    Orc: D:6-11

Altars:
Ashenzari
Elyvilon
Fedhas
Kikubaaqudgha
Makhleb
Sif Muna
Vehumet
Xom
Yredelemnul
Zin
the Shining One


Innate Abilities, Weirdness & Mutations

You are weak. (Str -2)


Message History

Unknown command.
Unknown command.
Unknown command.
Unknown command.
Unknown command.
Unknown command.
Unknown command.
Unknown command.
Unknown command.
Unknown command.
Unknown command.
Unknown command.
You see here 22 arrows.
Unknown command.
Unknown command.
Unknown command.
The gnoll closely misses you.
You see here a throwing net.
The gnoll hits you from afar with a halberd!
You die...

#..( ..... #.(#
#....# #()# #....#
#((# #....# #..#
#....# #.g#
#....### #gg#
#....... #.g#
#.......
#.@#########...####
#|.........)...#...
#..............#...
#..........))..#...
#.........)....#...
#..######......#'##
#..# #..........
#..# #.######...
#..# #.# #...


You could see 4 gnolls.

Vanquished Creatures
  Grinder (D:3)
  2 ogres (D:4)
  A phantom (D:4)
  A crimson imp (D:5)
  A scorpion (D:4)
  6 orc priests
  A gnoll shaman (D:6)
  4 worker ants
  2 iguanas
  A gnoll (D:6)
  5 adders
  A giant eyeball (D:5)
  14 orcs
  A ball python (D:2)
  11 bats
  6 giant cockroaches
  6 goblins
  11 hobgoblins
  10 kobolds
  3 quokkas
  3 giant geckos
  13 giant newts
  A giant spore (D:6)
  A hobgoblin zombie (D:5)
  2 kobold skeletons (D:6)
  An orc skeleton (D:4)
  9 rats
  A rat skeleton (D:6)
  A ballistomycete (D:6)
120 creatures vanquished.

Vanquished Creatures (others)
  An orc wizard (D:5)
1 creature vanquished.

Grand Total: 121 creatures vanquished

Notes
Turn   | Place    | Note
--------------------------------------------------------------
     0 | D:1      | Morbidden, the High Elf Hunter, began the quest for the Orb.
     0 | D:1      | Reached XP level 1. HP: 14/14 MP: 1/1
   239 | D:1      | Reached XP level 2. HP: 14/19 MP: 2/2
   274 | D:1      | Reached skill level 6 in Bows
   832 | D:2      | Reached XP level 3. HP: 12/24 MP: 4/4
  1554 | D:2      | Reached XP level 4. HP: 29/29 MP: 6/6
  1679 | D:3      | Reached skill level 1 in Short Blades
  1839 | D:3      | Reached skill level 1 in Armour
  1945 | D:3      | Noticed Grinder
  1961 | D:3      | Killed Grinder
  1961 | D:3      | Reached skill level 7 in Bows
  1961 | D:3      | Reached skill level 1 in Throwing
  1961 | D:3      | Reached XP level 5. HP: 35/35 MP: 7/7
  1961 | D:3      | Reached XP level 6. HP: 41/41 MP: 9/9
  2441 | D:3      | Found a blossoming altar of Fedhas.
  2441 | D:3      | Found a radiant altar of Vehumet.
  2771 | D:4      | Reached XP level 7. HP: 32/45 MP: 11/11
  2850 | D:4      | Found an ancient bone altar of Kikubaaqudgha.
  3045 | D:4      | Reached skill level 8 in Bows
  3205 | D:5      | Entered Level 5 of the Dungeon
  3288 | D:5      | Found a staircase to the Ecumenical Temple.
  3368 | Temple   | Entered the Ecumenical Temple
  3943 | D:5      | Reached skill level 9 in Bows
  4537 | D:6      | Gained mutation: You are weak. (Str -2) [potion of mutation]
  4537 | D:6      | Gained mutation: You are clumsy. (Dex -2) [potion of mutation]
  4537 | D:6      | Lost mutation: You are clumsy. (Dex -2) [potion of mutation]
  4692 | D:6      | Reached XP level 8. HP: 36/53 MP: 12/12
  5011 | D:6      | Slain by a gnoll

Action                   |  1- 3 |  4- 6 |  7- 9 || total
-------------------------+-------+-------+-------++-------
Melee: Short sword       |   123 |    46 |   116 ||   285
 Fire: Bow               |    18 |    59 |   121 ||   198
Throw: Dart              |       |     4 |    15 ||    19
       Javelin           |       |       |     5 ||     5
Evoke: Wand              |       |     3 |       ||     3
  Use: Scroll            |     1 |     1 |     6 ||     8
       Potion            |     1 |       |     2 ||     3
 Stab: Sleeping          |     2 |     1 |     2 ||     5
